 Dungeon Crawl Stone Soup version 0.21-a0-2-ge494091 (webtiles) character file.

161 Klosterheim the Poker (level 5, 0/41 HPs)
             Began as a Merfolk Skald on May 21, 2017.
             Slain by a hobgoblin (7 damage)
             ... led by Robin
             ... on level 3 of the Dungeon.
             The game lasted 00:06:39 (4385 turns).

Klosterheim the Poker (Merfolk Skald)               Turns: 4385, Time: 00:06:40

Health: 0/41       AC:  6    Str: 11    XL:     5   Next: 42%
Magic:  8/8        EV: 12    Int: 14    God:
Gold:   196        SH:  0    Dex: 13    Spells: 6/8 levels left

rFire    . . .     SeeInvis .   a - +0 spear
rCold    . . .     Gourm    .   (no shield)
rNeg     . . .     Faith    .   b - +0 leather armour
rPois    .         Spirit   .   n - +1 helmet
rElec    .         Reflect  .   i - +0 cloak
rCorr    +         Harm     .   (no gloves)
MR       .....                  (no boots)
Stlth    +.........             (no amulet)
Regen    0.2/turn               t - ring of resist corrosion
MPRegen  0.2/turn               (no ring)

@: no status effects
A: change form in water, swift swim, stealthy swim
a: no special abilities


You were on level 3 of the Dungeon.
You were not hungry.

You visited 1 branch of the dungeon, and saw 4 of its levels.

You collected 196 gold pieces.

Inventory:

Hand Weapons
 a - a +0 spear (weapon)
Armour
 b - a +0 leather armour (worn)
 i - a +0 cloak (worn)
 n - a +1 helmet (worn)
Jewellery
 t - a ring of resist corrosion (left hand)
Scrolls
 f - 2 scrolls of enchant armour
 h - 3 scrolls of identify
 q - a scroll of immolation {unknown}
 r - a scroll of remove curse
 s - a scroll of teleportation
 u - a scroll of blinking
 x - a scroll of random uselessness {unknown}
Potions
 e - a potion of curing
 g - 2 potions of heal wounds
 j - a potion of resistance {unknown}
 l - a potion of mutation {unknown}
 m - a potion of flight {unknown}
 p - a potion of degeneration {unknown}
 v - a potion of lignification {unknown}
 w - a potion of invisibility {unknown}
Books
 c - a book of Battle

   Spells                             Type                      Level
   a - Infusion                       Charms                       1
   b - Shroud of Golubria             Charms/Translocation         2
   c - Song of Slaying                Charms                       2
   d - Spectral Weapon                Hexes/Charms                 3
   e - Regeneration                   Charms/Necromancy            3
 o - a book of Frost

   Spells                             Type                      Level
   a - Freeze                         Ice                          1
   b - Throw Frost                    Conjuration/Ice              2
   c - Ozocubu's Armour               Charms/Ice                   3
   d - Throw Icicle                   Conjuration/Ice              4
   e - Summon Ice Beast               Ice/Summoning                4
Comestibles
 d - 4 bread rations
 k - a royal jelly


   Skills:
 - Level 3.5 Fighting
 - Level 6.3 Polearms
 - Level 0.6 Armour
 - Level 2.6 Dodging
 - Level 2.0 Spellcasting
 + Level 3.9 Charms


You had 6 spell levels left.
You knew the following spells:

 Your Spells              Type           Power        Failure   Level  Hunger
b - Shroud of Golubria    Chrm/Tloc      #.........   22%         2    ###....


Dungeon Overview and Level Annotations

Branches:
Dungeon (4/15)
 Temple: D:4-7

Altars:
Uskayaw

Annotations:
D:4 Grinder, Robin


Message History

The goblin hits you. The hobgoblin closely misses you.
The orc hits you from afar with a trident.
* * * LOW HITPOINT WARNING * * *
The orc closely misses you.
You hear a shout!
You climb upwards.
There is a stone staircase leading down here.
You are too injured to fight recklessly!
You hit the hobgoblin but do no damage. The hobgoblin barely misses you.
You hit the hobgoblin.
The hobgoblin is almost dead.
The orc hits you but does no damage. The hobgoblin hits you.
* * * LOW HITPOINT WARNING * * *
You closely miss the hobgoblin.
The hobgoblin is almost dead.
The orc barely misses you.
You closely miss the hobgoblin.
The hobgoblin is almost dead.
The hobgoblin hits you!
You die...

#.#####.....#.#..#.##.# #.#
##.# #.# #.#####.#....##.#
#.# ##.
##.#####.#####.#....?(.# #.#
## ...#.........#.#....##.#
#)# #
##.#.#######.#....#.##.###.#
# #.#.# #...............# ##
#.#.# #<#..g.#.###..#.# ##.
#...# #...#o##........# ##..
###.# #.###@######..#####...
#.# #.# #g# ##..# #....
#.#######.# #.# ##...# ##...
#.........# #.# ##....#
#.... ##.....##### #.#
#.....## #.##.
#........##########.....#
#.###
#..#######........#....##
#.# # ###..#
#.≈≈..≈≈.#....####.###
.....#
###.≈≈..≈≈.##.#.........


You could see an orc, a hobgoblin and a goblin.

Vanquished Creatures
  An iguana (D:3)
  4 adders
  An adder skeleton (D:4)
  4 worms
  A dart slug (D:3)
  2 leopard geckos (D:2)
  An orc (D:4)
  4 bats
  3 giant cockroaches
  15 goblins
  11 hobgoblins
  3 jackals
  11 kobolds
  2 quokkas
  A ball python (D:2)
  5 frilled lizards
  A quokka skeleton (D:1)
  6 rats
76 creatures vanquished.

Notes
Turn   | Place    | Note
-------+----------+-------------------------------------------
     0 | D:1      | Klosterheim the Merfolk Skald began the quest for the Orb.
     0 | D:1      | Reached XP level 1. HP: 16/16 MP: 3/3
   314 | D:1      | You fall through a shaft!
   326 | D:2      | Reached XP level 2. HP: 13/23 MP: 5/5
   575 | D:2      | Reached skill level 4 in Polearms
   630 | D:2      | Reached XP level 3. HP: 8/28 MP: 6/6
  1006 | D:2      | Found a faded altar of an unknown god.
  1225 | D:2      | Learned a level 2 spell: Shroud of Golubria
  1479 | D:2      | Reached skill level 5 in Polearms
  1819 | D:1      | Reached XP level 4. HP: 34/35 MP: 7/7
  3184 | D:3      | Found a hide-covered altar of Uskayaw.
  3337 | D:4      | Noticed Grinder
  3337 | D:4      | Noticed Robin
  3509 | D:4      | Noticed a phantom
  3519 | D:3      | Reached skill level 6 in Polearms
  3519 | D:3      | Reached XP level 5. HP: 3/41 MP: 8/8
  4385 | D:3      | Slain by a hobgoblin

Vault maps used:
D:1:      mrwooster_arrival_statue_3
D:2:      minmay_wonky_spiral, chequers_ecumenical_altar_simple, minivault_5
D:3:      eat_drink_and_be_merry_uskayaw, kennysheep_generic_room_5
D:4:      grunt_dithmenos_smoke, minmay_temple_entry_mist, first_bread,
          st_stairs_11, uniq_grinder, uniq_duvessa, uniq_robin

Skill      XL: |  1  2  3  4 |
---------------+-------------+-----
Polearms       | 4 5 6 |  6.3
Fighting       | 3 |  3.5
Armour         | |  0.6
Dodging        | |  2.6
Spellcasting   | |  2.0
Charms         | |  3.9

Action                   |  1- 3 |  4- 6 || total
-------------------------+-------+-------++-------
Melee: Spear             |   182 |   217 ||   399
  Use: Potion            |     1 |       ||     1
       Scroll            |     5 |     3 ||     8
 Stab: Sleeping          |     2 |     1 ||     3
  Eat: Chunk             |     3 |     6 ||     9
       Royal jelly       |       |     1 ||     1
Armor: Leather armour    |    27 |    60 ||    87
Dodge: Dodged            |    84 |   126 ||   210
